 Dungeon Crawl Stone Soup version 0.25-a0-156-g0c4bda3fdf (webtiles) character file.

Game seed: 4627310566580415012, levelgen mode: deterministic

30 Leeroy the Slasher (level 3, -1/29 HPs)
             Began as a Draconian Skald on Nov 20, 2019.
             Slain by an adder (5 damage)
             ... on level 2 of the Dungeon.
             The game lasted 00:01:51 (925 turns).

Leeroy the Slasher (Draconian Skald)                 Turns: 925, Time: 00:01:52

Health: -1/29      AC:  5    Str: 13    XL:     3   Next: 5%
Magic:  4/6        EV: 12    Int: 13    God:
Gold:   95         SH:  0    Dex: 11    Spells: 5/6 levels left

rFire    . . .     SeeInvis .   a - +0 falchion
rCold    . . .     Gourm    .   (no shield)
rNeg     . . .     Faith    .   (armour unavailable)
rPois    .         Spirit   .   (helmet restricted)
rElec    .         Reflect  .   (no cloak)
rCorr    .         Harm     .   (no gloves)
MR       .....                  (no boots)
Stlth    +.........             (no amulet)
HPRegen  0.09/turn              (no ring)
MPRegen  0.10/turn              (no ring)

@: lethally poisoned (-1 -> -8), infused
A: unfitting armour, cold-blooded, AC +5
a: no special abilities


You were on level 2 of the Dungeon.
You were not hungry.

You visited 1 branch of the dungeon, and saw 2 of its levels.

You collected 95 gold pieces.

Inventory:

Hand Weapons
 a - a +0 falchion (weapon)
 h - a +0 dagger
Scrolls
 b - 3 scrolls of identify {unknown}
 d - a scroll of remove curse {unknown}
 i - a scroll of random uselessness {unknown}
Potions
 e - a potion of curing
 f - a potion of invisibility {unknown}
 g - a potion of mutation {unknown}
Comestibles
 c - 3 rations


   Skills:
 - Level 2.1 Fighting
 + Level 3.5 Long Blades
 - Level 2.1 Dodging
 - Level 2.0 Spellcasting
 - Level 2.6 Charms


You had 5 spell levels left.
You knew the following spells:

 Your Spells              Type           Power        Failure   Level  Hunger
a - Infusion              Chrm           #...         9%          1    ##.....

Your spell library contained the following spells:

 Spells                   Type           Power        Failure   Level  Hunger
 Song of Slaying          Chrm           #.......     13%         2    ###....
 Shroud of Golubria       Chrm/Tloc      #.....       22%         2    ###....
 Regeneration             Chrm/Necr      #.........   41%         3    ####...
 Spectral Weapon          Hex/Chrm       #.......     41%         3    ####...


Dungeon Overview and Level Annotations

Branches:
Dungeon (2/15)

Altars:


Innate Abilities, Weirdness & Mutations

Your plain brown scales are hard. (AC +5)
You cannot fit into any form of body armour.
You are cold-blooded and may be slowed by cold attacks.


Message History

You closely miss the adder.
You feel sick. The jackal misses you. The jackal barely misses you.
You riposte.
You hit the jackal.
The jackal is almost dead.
The adder bites you.
You are more poisoned.
The adder poisons you!
Unknown command.
Unknown command.
You barely miss the adder.
You feel sick.
The jackal bites you but does no damage.
The jackal bites you. The adder closely misses you. The jackal bites you.
* * * LOW HITPOINT WARNING * * *
The jackal bites you.
* * * LOW HITPOINT WARNING * * *
The adder bites you but does no damage.
Unknown command.
You barely miss the adder. The jackal closely misses you. The jackal bites you.
* * * LOW HITPOINT WARNING * * *
The adder bites you.
You die...

#.........#
#.........#
#.........##
#..........###
#.............
.#.............
...............
#..h@## ####hS#
##.<..#
##^......
...#### ##...
###. .


You could see an adder and 2 jackals.

Vanquished Creatures
  An ooze (D:1)
  A dart slug (D:1)
  A leopard gecko (D:1)
  A bat (D:1)
  4 goblins (D:1)
  5 hobgoblins (D:1)
  2 jackals (D:2)
  A frilled lizard (D:1)
  A kobold (D:1)
  5 rats (D:1)
22 creatures vanquished.

Notes
Turn   | Place    | Note
-------+----------+-------------------------------------------
     0 | D:1      | Leeroy the Draconian Skald began the quest for the Orb.
     0 | D:1      | Reached XP level 1. HP: 17/17 MP: 3/3
   154 | D:1      | Reached XP level 2. HP: 23/24 MP: 5/5
   171 | D:1      | Reached skill level 3 in Long Blades
   913 | D:2      | Reached XP level 3. HP: 17/29 MP: 6/6
   925 | D:2      | Slain by an adder

Levels and vault maps discovered:
D:1:      lemuel_arrival_broad_hall, layout_loops_corners
D:2:      layout_rooms, cheibriados_altar_1, uniq_natasha

Skill      XL: |  1  2 |
---------------+-------+-----
Long Blades    | 3 |  3.5
Fighting       | |  2.1
Dodging        | |  2.1
Spellcasting   | |  2.0
Charms         | |  2.6

Action                   || total
-------------------------++-------
Melee: Falchion          ||    75
       Tailslap          ||     9
 Cast: Infusion          ||     1
  Use: Potion            ||     1
Armor: Skin              ||    21
Dodge: Dodged            ||    60
       Rpst.: Falchion   ||    21

Table legend:
 A = Non-vault XP
 B = Vault XP
 C = Vault XP percentage of total XP
 D = Non-vault monster count
 E = Vault monster count
 F = Vault count percentage of total count
                 A         B        C        D         E       F
            +---------+---------+-------+---------+---------+-------
      Total |      44 |       0 |   0.0 |      22 |       0 |   0.0
            +---------+---------+-------+---------+---------+-------
        D:1 |      40 |       0 |   0.0 |      20 |       0 |   0.0
        D:2 |       4 |       0 |   0.0 |       2 |       0 |   0.0
            +---------+---------+-------+---------+---------+-------
